← All builds
Air / Cortex / Economy first / OBSERVED BUILD

Standard air

Cortex Air build order · Supreme Isthmus

Economy-first air build: Aircraft Plant then Advanced Metal Extractor and Fusion Reactor, making transports and scouts for allies while transitioning into fighters and occasional bombers over the whole game.

Usually transports first (78%)

#eco #air #team support · 1506 distinct matches · 252 players · 81% of Cortex Air games · team won 46% of 1811 · Recently observed

HOW TO PLAY IT

Key timing: Aircraft Plant by 1:24

  1. Open 3 mex and wind, then drop Aircraft Plant early.
  2. Finish Aircraft Plant and start fighters for scouting and defense.
  3. Eat the Aircraft Plant once production needs outgrow it.
  4. Get Advanced Metal Extractor up to scale eco.
  5. Bring Fusion Reactor online and keep feeding transports, scouts, fighters to allies.

Phase by phase

TYPICAL OF ITS 1506 GAMES
  1. 1
  2. 2
  3. 3
PLAY THE OPENING

Follow the example game's first 6:00 step by step: what to build now, what comes next, and where it goes. At 1× it keeps pace with your own game.

  1. 1

    Up to the Aircraft Plant

    Economy
    • Metal Extractor3Mex
    • Wind Turbine4Wind
    Order
    1. Aircraft PlantAircraft Plant after 3 mex, 4 winddone ~1:26, middle half 1:14–1:35

    Some games also: energy storage (38%)

    By 1:07 in all: 3 mex · 4 wind

    The example game in this phase · 5 steps
    1. Mex ×3
    2. Wind ×4
    3. Energy storage
    4. Solar
    5. Aircraft PlantAircraft Plantdone 1:48 · typical 1:26
  2. 2

    Aircraft Plant to 5:00

    Economy
    • Metal Extractor1Mex
    • Wind Turbine9Wind
    • Wind Turbine3Wind
    Builders
    • Construction Turret2 Con turret
    • Construction Aircraft1 Con aircraft
    Army
    • Valiant5 Valiant
    • Hercules2 Light transport for allies
    • Finch2 Finch for allies
    • Finch1 Finch
    • Hephaestus1 Heavy transport for allies

    Some games also: shuriken (49%) · energy storage (45%) · converter (44%) · light transport (40%)

    By 5:00 in all: 3 mex · 1 mex · 13 wind · 3 wind · 1 energy storage · 2 con turret

    The example game in this phase · 20 steps
    1. Wind
    2. HerculesLight transportfor Beach sea
    3. Wind
    4. FinchFinchfor Beach sea
    5. HephaestusHeavy transportfor Beach sea
    6. FinchFinchfor Geo sea
    7. ValiantValiant ×2
    8. Construction AircraftCon aircraft
    9. ValiantValiant
    10. Con turret
    11. HerculesLight transportfor Geo sea
    12. ValiantValiant ×2
    13. Mex
    14. Wind
    15. ValiantValiant
    16. Wind
    17. ValiantValiant
    18. Wind ×3
    19. Con turret
    20. Wind ×2
  3. 3

    5:00 to 10:00

    Economy
    • Wind Turbine21Wind
    • Wind Turbine5Wind
    • Energy Converter6Converter
    Order
    1. Aircraft PlantEat Aircraft Plant
    2. Aircraft PlantAircraft Plant after 19 wind, 18 wind, 7 converterin 58% of games
    Builders
    • Construction Turret3 Con turret
    Army
    • Valiant9 Valiant

    Some games also: shuriken (47%) · fusion (38%) · con aircraft (35%) · light transport (31%)

    By 10:00 in all: 3 mex · 1 mex · 25 wind · 20 wind · 8 converter · 1 energy storage

    The example game in this phase · 151 steps
    1. Wind ×2
    2. Con turret
    3. Wind ×5
    4. Aircraft PlantEat Aircraft Plantreclaimed for its metal
    5. Wind
    6. Advanced Metal ExtractorT2 mexdone 6:20 · typical 6:54
    7. Wind ×5
    8. Advanced Metal ExtractorT2 mex
    9. Wind
    10. Advanced Metal ExtractorT2 mex
    11. Wind ×3
    12. Con turret
    13. Wind ×5
    14. Aircraft PlantAircraft Plantdone 7:46
    15. Wind
    16. Construction AircraftCon aircraft
    17. Wind
    18. Advanced Metal ExtractorT2 mex
    19. Wind ×2
    20. Con turret
    21. Wind ×5
    22. Con turret
    23. Wind ×2
    24. Con turret
    25. Wind ×3
    26. Con turret
    27. Wind
    28. Con turret
    29. Aircraft PlantAircraft Plantdone 9:06
    30. Wind ×11
    31. ShurikenShuriken ×2
    32. Wind
    33. ShurikenShuriken
    34. Wind
    35. ShurikenShuriken
    36. Wind
    37. ShurikenShuriken
    38. Wind ×2
    39. ValiantValiant ×2
    40. Wind ×2
    41. Aircraft PlantEat Aircraft Plantreclaimed for its metal
    42. ValiantValiant
    43. Wind
    44. ValiantValiant
    45. Wind
    46. Con turret
    47. ValiantValiant
    48. Wind ×2
    49. Con turret
    50. Fusion ReactorFusiondone 11:20 · typical 10:53
    51. Wind ×2
    52. ValiantValiant
    53. Wind ×2
    54. ValiantValiant
    55. Wind
    56. ValiantValiant
    57. Wind
    58. ValiantValiant
    59. Wind
    60. ValiantValiant
    61. Wind ×2
    62. ValiantValiant ×2
    63. Wind ×2
    64. ValiantValiant
    65. Wind
    66. Aircraft PlantEat Aircraft Plantreclaimed for its metal
    67. Wind ×8
    68. Aircraft PlantAircraft Plantdone 12:08
    69. Wind ×2
    70. T2 converter
    71. Wind ×5
    72. T2 converter
    73. Wind ×5
    74. T2 converter
    75. Wind ×3
    76. ValiantValiant
    77. Wind ×2
    78. ValiantValiant
    79. Con turret
    80. Wind ×2
    81. ValiantValiant ×2
    82. Wind
    83. ValiantValiant
    84. Wind
    85. ValiantValiant ×3
    86. Wind
    87. ValiantValiant
    88. Wind
    89. ValiantValiant ×3
    90. Wind
    91. ValiantValiant
    92. Wind
    93. ValiantValiant ×3
    94. Wind ×2
    95. Con turret
    96. ValiantValiant
    97. Con turret
    98. Wind ×2
    99. ValiantValiant
    100. Con turret
    101. ValiantValiant
    102. Con turret
    103. Wind ×2
    104. Con turret
    105. ValiantValiant
    106. Con turret ×2
    107. ValiantValiant
    108. Wind ×2
    109. ValiantValiant ×3
    110. Wind
    111. ValiantValiant
    112. Wind
    113. ShurikenShuriken ×5
    114. Wind
    115. ShurikenShuriken ×9
    116. Wind
    117. ShurikenShuriken
    118. Wind
    119. ValiantValiant ×4
    120. Wind
    121. ValiantValiant
    122. Wind
    123. ValiantValiant ×4
    124. Wind
    125. ValiantValiant
    126. Wind
    127. ValiantValiant ×3
    128. Wind
    129. ValiantValiant
    130. Wind
    131. ValiantValiant ×4
    132. Wind
    133. ValiantValiant
    134. Wind
    135. ValiantValiant ×2
    136. Wind
    137. ValiantValiant ×3
    138. Wind ×2
    139. ValiantValiant ×3
    140. Wind
    141. ValiantValiant
    142. Wind
    143. ValiantValiant ×4
    144. Wind ×2
    145. ValiantValiant ×4
    146. Wind
    147. ValiantValiant
    148. Wind
    149. ValiantValiant
    150. Wind
    151. ValiantValiant ×2

Counts are medians over the build's games: half of them build more, half fewer. The example game is realisticjo's (32 OS, 12/10/2026); pick another.

Team trades

IN AT LEAST 30% OF ITS GAMES

You hand over

  • Finch2 Finch to Geo sea or Beach seafirst at 1:50 · in 96% of games
  • Hercules3 Light transport to Tech or Geo sea or Beach seafirst at 2:06 · in 99% of games
  • Hephaestus1 Heavy transport to Beach sea or Pond or Techfirst at 2:23 · in 72% of games

You get

  • Wind Turbine3 Wind from Beach sea or Geo seafirst at 1:37 · in 64% of games
  • Wind Turbine3 Wind from Beach sea or Geo sea or Pondfirst at 1:42 · in 46% of games
  • Construction Bot1 Con bot from Techfirst at 2:23 · in 88% of games
  • Advanced Construction Bot1 T2 con bot from Techfirst at 6:05 · in 96% of games

How it plays out

Typical game of this build, running totals by minute

Metal produced

010k20k30k
0:005:0010:0015:00

metal

Enemy metal destroyed

01k2k
0:005:0010:0015:00

metal

Own metal lost

01k2k3k
0:005:0010:0015:00

metal

1811 games.

Show as table
ByMetal produced: This buildEnemy metal destroyed: This buildOwn metal lost: This build
1:0039200
2:0092300
3:00145600
4:002052051
5:0027635173
6:003707102124
7:005089146167
8:006902190219
9:009284230270
10:0011758292380
11:0014356369536
12:0017069512781
13:00198597811102
14:002270412641689
15:002573618132420
WHAT THE NUMBERS SAY

Standard air play wins less than half its games, with very low combat losses and kills since the role mostly supports rather than fights.

  • + Own metal lost stays very low, only 2701 by 15:00.
  • + Metal production reaches 25740 by 15:00, a strong support economy.
  • − Team wins under half of games (47%).
  • − Enemy metal destroyed stays low at 2097 by 15:00, showing little direct impact.
THE EXAMPLE YOU ARE READING

realisticjo

32.2 OS · 12/10/2026

Open source match ↗

8 received units · includes a constructor
176 metal received · 28285 energy received

Allied construction assistance is unknown. Timings are observations, not a promise of solo reproducibility.

Typical milestones

Aircraft Plant1:26Middle 50%: 1:14–1:35 · n=1811
Advanced Metal Extractor6:54Middle 50%: 6:27–7:26 · n=1751
Fusion Reactor10:53Middle 50%: 9:45–12:17 · n=1159

Played most by

TheGeneraI114games of this buildDad_The_Speedrunner72games of this buildHunfore62games of this buildDRM52games of this buildMilkdragon52games of this build